Map: King's Cove LE

Players

romel

  • Race: Zerg Zerg
  • League: Master
  • Spawn Location: 5:00

Candle - Winner!

  • Race: Protoss Protoss
  • League: Master
  • Spawn Location: 11:00

VOD

Have the link to the VOD?

Description

Time

  • Played on: Feb. 2, 2019, 7:18 p.m.
  • Length: 8:40
Show
View Real Time Build Order
Export as new Build Order

romel Zerg 

Build Orders: Hatch First, Roach Hydra 

Get SALT Encoding   

  12  0:01  Drone  
  13  0:13  Overlord  
  13  0:18  Drone  
  14  0:32  Drone x2  
  16  0:50  Hatchery  
  16  0:55  Drone  
  16  0:56  Drone  
  17  1:00  Drone  
  18  1:11  Extractor  
  17  1:17  Spawning Pool  
  16  1:20  Drone  
  16  1:23  Drone  
  18  1:30  Drone  
  19  1:41  Drone  
  20  1:50  Overlord  
  20  2:03  Queen  
  20  2:04  Queen  
  20  2:06  Zergling x4  
  26  2:18  Drone x2  
  28  2:23  Drone  
  28  2:25  Drone  
  30  2:42  Drone  
  30  2:43  Drone x2  
  33  2:48  Overlord  
  33  2:50  Hatchery  
  32  2:55  Drone  
  33  3:00  Drone  
  33  3:04  Queen  
  36  3:09  Drone x2  
  36  3:12  Drone x2  
  40  3:14  Overlord  
  40  3:18  Drone  
  40  3:19  Drone x2  
  43  3:25  Drone  
  44  3:34  Lair  
  44  3:36  Roach Warren  
  44  3:39  Drone x3  
  46  3:43  Queen  
  46  3:47  Overlord  
  48  3:49  Drone  
  48  3:50  Drone  
  48  3:52  Drone  
  51  3:57  Drone  
  51  4:00  Extractor x2, Drone x2  
  52  4:06  Overlord  
  52  4:09  Drone  
  53  4:25  Roach  
  53  4:26  Roach x8  
  53  4:31  Overseer  
  71  4:33  Spore Crawler  
  71  4:35  Drone  
  71  4:43  Roach  
  71  4:45  Overlord x3  
  72  4:47  Overlord  
  72  4:58  Drone x3  
  73  5:01  Glial Reconstitution  
  73  5:04  Drone  
  73  5:05  Drone x4  
  78  5:09  Queen  
  78  5:12  Drone x2  
  78  5:14  Drone  
  83  5:20  Hydralisk Den  
  83  5:21  Extractor, Drone x2  
  81  5:26  Evolution Chamber  
  81  5:27  Drone  
  83  5:29  Queen  
  83  5:31  Drone  
  84  5:42  Overlord  
  84  5:43  Overlord x2  
  84  5:46  Drone x5  
  84  5:47  Drone  
  84  5:49  Drone  
  91  5:50  Drone  
  91  5:52  Drone  
  91  5:53  Drone  
  91  5:55  Extractor  
  91  5:56  Extractor  
  92  5:59  Queen  
  92  6:02  Drone x2  
  92  6:03  Drone  
  97  6:07  Grooved Spines  
  97  6:15  Overlord x3  
  97  6:17  Overseer  
  97  6:20  Zerg Missile Weapons Level 1  
  97  6:32  Overlord x2  
  97  6:33  Overlord  
  97  6:39  Hatchery  
  96  6:44  Hydralisk  
  96  6:45  Hydralisk x4  
  106  6:51  Hydralisk x2  
  106  6:52  Hydralisk  
  106  6:53  Zergling x2  
  113  6:58  Overseer  
  113  7:00  Drone  
  114  7:01  Pneumatized Carapace  
  114  7:03  Hydralisk x3  
  120  7:12  Ravager x5  
  124  7:18  Hydralisk x3  
  124  7:19  Muscular Augments, Hydralisk  
  132  7:23  Hydralisk  
  132  7:26  Overlord x3  
  134  7:36  Hydralisk x3  
  134  7:37  Hydralisk x2  
  144  7:49  Hydralisk x4  
  137  8:02  Hydralisk x4  
  130  8:07  Hydralisk  
  130  8:08  Hydralisk  
Show
View Real Time Build Order
Export as new Build Order

Candle Protoss - Winner!

Build Orders: 1 Gate Expand, Zealot Archon, Archon Drop, Dark Templar Rush 

Get SALT Encoding   

  12  0:00  Probe  
  13  0:13  Probe  
  14  0:19  Pylon  
  14  0:25  Probe  
  15  0:36  Probe  
  15  0:42  Gateway  
  16  0:44  Probe  
  17  0:50  Assimilator  
  17  0:52  Probe  
  18  1:03  Probe  
  19  1:16  Probe  
  20  1:27  Nexus  
  20  1:37  Probe, Cybernetics Core  
  21  1:45  Probe  
  21  1:48  Assimilator  
  21  1:54  Probe  
  22  1:58  Pylon  
  23  2:11  Adept  
  23  2:15  Warp Gate  
  23  2:16  Probe  
  26  2:28  Twilight Council  
  26  2:29  Probe  
  27  2:36  Stalker  
  27  2:40  Probe  
  30  2:46  Probe  
  31  2:52  Probe  
  31  2:56  Robotics Facility  
  32  2:58  Probe  
  32  3:04  Probe  
  34  3:13  Dark Shrine  
  34  3:15  Probe  
  35  3:22  Gateway, Probe  
  36  3:28  Probe  
  37  3:34  Probe  
  37  3:38  Warp Prism  
  38  3:45  Gateway  
  38  3:46  Gateway  
  40  3:51  Probe  
  41  3:57  Probe  
  41  4:01  Pylon  
  42  4:04  Assimilator  
  42  4:05  Probe  
  42  4:06  Assimilator  
  42  4:09  Probe  
  44  4:17  Probe  
  44  4:21  Probe  
  47  4:34  Pylon  
  47  4:37  Pylon  
  46  4:40  Pylon  
  46  4:42  Dark Templar x2  
  46  4:43  Dark Templar  
  46  4:44  Dark Templar  
  54  5:00  Probe  
  54  5:03  Nexus  
  54  5:06  Pylon  
  55  5:07  Archon x2, Immortal  
  55  5:08  Probe  
  56  5:17  Probe  
  56  5:19  Probe  
  56  5:21  Blink  
  61  5:25  Probe  
  61  5:28  Probe  
  62  5:34  Sentry x2, Probe  
  68  5:41  Immortal  
  69  5:42  Probe  
  69  5:43  Probe  
  71  5:51  Probe  
  71  5:55  Probe  
  77  6:00  Probe  
  78  6:07  Probe, Forge  
  78  6:09  Forge  
  79  6:12  Immortal  
  81  6:19  Sentry  
  81  6:20  Sentry  
  81  6:25  Gateway  
  87  6:27  Gateway  
  87  6:30  Protoss Ground Weapons Level 1  
  87  6:32  Protoss Ground Armor Level 1, Gateway  
  87  6:37  Gateway  
  87  6:45  Observer  
  87  6:46  Probe  
  88  6:49  Stalker x2  
  93  6:57  Pylon  
  93  6:59  Pylon  
  93  7:00  Pylon  
  93  7:02  Stalker  
  93  7:06  Pylon  
  95  7:09  Stalker  
  95  7:13  Stalker x2  
  101  7:24  Stalker x2  
  101  7:27  Stalker x2  
  107  7:42  Stalker x4  
  109  7:51  Stalker x2  
  109  7:52  Stalker x2  
  113  8:08  Stalker  
  113  8:09  Stalker x3  
  109  8:28  Stalker x4  
  109  8:36  Stalker x3  
  109  8:37  Stalker  
Tags
 
Add a new tag
Caveats
  • Supply blocks, unpowered buildings, or Contaminate may cause inaccurate times.
  • Supply counts are checked every 10 seconds.